 Dungeon Crawl Stone Soup version 0.21-a0-531-gacddea6 (webtiles) character file.

7963 poofeast420 the Severer (level 11, -3/97 HPs)
             Began as a Hill Orc Berserker on Dec 12, 2017.
             Was a High Priest of Trog.
             Slain by an orc warrior
             ... wielding a +0 dire flail
              (8 damage)
             ... on level 1 of the Orcish Mines.
             The game lasted 00:07:44 (7883 turns).

poofeast420 the Severer (Hill Orc Berserker)        Turns: 7883, Time: 00:07:45

Health: -3/97      AC: 21    Str: 24    XL:     11   Next: 23%
Magic:  15/15      EV:  7    Int:  7    God:    Trog [*****.]
Gold:   827        SH:  0    Dex: 10    Spells: 10/10 levels left

rFire    + . .     SeeInvis .   a - +2 battleaxe (elec)
rCold    . . .     Gourm    .   (shield currently unavailable)
rNeg     . . .     Faith    .   G - +0 plate armour
rPois    .         Spirit   .   x - +2 helmet
rElec    .         Reflect  .   C - +0 cloak
rCorr    .         Harm     .   v - +0 pair of gloves
MR       .....                  f - +0 pair of boots (curse)
Stlth    ..........             (no amulet)
HPRegen  0.26/turn              H - +4 ring of slaying
MPRegen  0.14/turn              w - ring of protection from fire

@: no status effects
A: no striking features
a: Berserk, Trog's Hand, Brothers in Arms, Burn Spellbooks, Renounce Religion


You were on level 1 of the Orcish Mines.
You worshipped Trog.
Trog was extremely pleased with you.
You were not hungry.

You visited 2 branches of the dungeon, and saw 11 of its levels.
You also visited: Ice Cave.

You collected 827 gold pieces.

Inventory:

Hand Weapons
 a - a +2 battleaxe of electrocution (weapon)
 I - a +0 hand axe
 O - a +0 broad axe
Armour
 e - a +0 scale mail
 f - a cursed +0 pair of boots (worn)
 v - a +0 pair of gloves (worn)
 x - a +2 helmet (worn)
 C - a +0 cloak (worn)
 G - a +0 plate armour (worn)
 U - a +1 pair of boots
Jewellery
 b - the ring "Wyhumiej" {rElec rC- Int+6 Stlth-}
   (You found it on level 5 of the Dungeon)

   [ring of loudness]

   It affects your intelligence (+6).
   It makes you vulnerable to cold.
   It insulates you from electricity.
   It makes you less stealthy.
 n - an uncursed ring of resist corrosion
 w - a ring of protection from fire (right hand)
 H - a +4 ring of slaying (left hand)
 M - an uncursed ring of positive energy
 S - an uncursed amulet of guardian spirit {unknown}
Wands
 k - a wand of disintegration (30)
 D - a wand of iceblast (11)
 N - a wand of clouds (6)
 P - a wand of digging (9)
 R - a wand of enslavement (10)
Scrolls
 g - 6 scrolls of identify {unknown}
 l - 4 scrolls of random uselessness {unknown}
 p - a scroll of fog {unknown}
 s - 2 scrolls of enchant weapon {unknown}
 t - a scroll of magic mapping {unknown}
 u - a scroll of immolation {unknown}
 y - 7 scrolls of teleportation {unknown}
 z - 4 scrolls of remove curse {unknown}
 E - 3 scrolls of fear {unknown}
 L - a scroll of summoning {unknown}
 T - a scroll of noise {unknown}
Potions
 d - 2 potions of resistance {unknown}
 h - a potion of brilliance {unknown}
 i - a potion of might {unknown}
 j - a potion of cancellation {unknown}
 m - a potion of agility {unknown}
 r - 5 potions of curing
 A - 5 potions of heal wounds {unknown}
 B - a potion of mutation {unknown}
 F - a potion of lignification {unknown}
 K - a potion of haste {unknown}
Books
 Q - a book of Frost

   Spells                             Type                      Level
   a - Freeze                         Ice                          1
   b - Throw Frost                    Conjuration/Ice              2
   c - Ozocubu's Armour               Charms/Ice                   3
   d - Throw Icicle                   Conjuration/Ice              4
   e - Summon Ice Beast               Ice/Summoning                4
   Trog disapproves of the use of such an item.
Comestibles
 c - 10 bread rations
 o - 2 royal jellies
 q - 5 meat rations


   Skills:
 + Level 9.3 Fighting
 * Level 15.4 Axes
 + Level 8.1 Armour
 - Level 1.5 Dodging
 + Level 6.2 Evocations


You had 10 spell levels left.
You didn't know any spells.

Dungeon Overview and Level Annotations

Branches:
Dungeon (9/15)             Temple (0/1) D:4             Orc (2/2) D:9
   Lair: D:8-11         Elf: Orc:2

Altars:
Qazlal
Ru

Shops:
Orc:2 =


Message History

The orc wizard flickers and vanishes!
The orc sorcerer points at you and mumbles some strange words.
You resist with significant effort.
A warg comes into view.
The warg howls!
The orc priest looks braver for a moment.
The orc warrior hits you with a mace!
* * * LOW HITPOINT WARNING * * *
The troll bites you.
* * * LOW HITPOINT WARNING * * *
The troll claws you but does no damage. The troll claws you.
* * * LOW HITPOINT WARNING * * *
There is a stone staircase leading up here.
The orc warrior hits you with a dire flail.
* * * LOW HITPOINT WARNING * * *
The troll bites you but does no damage.
The troll claws you but does no damage. x2
You climb upwards.
There is a stone staircase leading down here.
The orc warrior hits you with a dire flail!
You die...

# # ###### ## ##.##.##
.## ##T>@...# ..####
#..o##.#### ..#..##
##..###.#.## ......#
####.#..#.....#
#....#####.##.......#.##
#......##...........###
........##.##.........##
...#.....#.#...........#
...##.................##


You could see a troll and an orc warrior.

Vanquished Creatures
  A two-headed ogre (D:8)
  An orc sorcerer (Orc:1)
  An ugly thing (IceCv)
  Maurice (D:8)
  3 hippogriffs
  The ghost of derath95 the Covered, an amateur GrFi (D:4)
  Duvessa (D:5)
  The ghost of Othello the Conjurer, an amateur DECj (D:3)
  3 water moccasins (D:7)
  15 ice beasts
  3 orc warriors
  2 black bears
  2 sky beasts
  A necrophage (D:7)
  2 phantoms
  7 ogres
  3 centaurs
  A big kobold (D:9)
  3 bullfrogs
  A gnoll sergeant (D:3)
  Dowan (D:5)
  3 scorpions
  6 killer bees (D:9)
  A howler monkey (D:6)
  A crimson imp (D:7)
  A centaur zombie (D:8)
  A centaur skeleton (D:6)
  3 hounds
  A jelly (D:9)
  2 orc priests
  10 orc wizards
  A bullfrog skeleton (D:8)
  Crazy Yiuf (D:3)
  An iguana (D:8)
  2 worker ants
  A killer bee zombie (D:8)
  Robin (D:3)
  13 gnolls
  A howler monkey skeleton (D:7)
  A river rat (D:3)
  9 adders
  3 shadow imps
  An ooze (D:3)
  An adder zombie (D:9)
  5 worms
  4 dart slugs
  2 leopard geckos
  39 orcs
  3 ball pythons
  9 bats
  9 giant cockroaches
  15 goblins
  11 hobgoblins
  5 jackals
  12 kobolds
  4 quokkas
  A frilled lizard (D:2)
  A leopard gecko skeleton (D:5)
  A quokka skeleton (D:9)
  12 rats
252 creatures vanquished.

Vanquished Creatures (others)
  7 fungi (Orc:2)
7 creatures vanquished.

Grand Total: 259 creatures vanquished

Notes
Turn   | Place    | Note
-------+----------+-------------------------------------------
     0 | D:1      | poofeast420 the Hill Orc Berserker began the quest for the Orb.
     0 | D:1      | Reached XP level 1. HP: 19/19 MP: 1/1
    50 | D:1      | Reached XP level 2. HP: 11/26 MP: 2/2
   465 | D:1      | Reached skill level 5 in Axes
   801 | D:1      | Reached XP level 3. HP: 21/31 MP: 3/3
  1000 | D:2      | Reached ** piety under Trog
  1026 | D:2      | Reached skill level 6 in Axes
  1237 | D:2      | Reached XP level 4. HP: 29/39 MP: 4/4
  1789 | D:3      | Noticed Robin
  1797 | D:3      | Reached skill level 7 in Axes
  1816 | D:3      | Killed Robin
  1906 | D:3      | Reached XP level 5. HP: 30/45 MP: 5/5
  1957 | D:3      | Found a runed door.
  2096 | D:3      | Noticed Othello's ghost (amateur DECj)
  2102 | D:3      | Killed Othello's ghost
  2102 | D:3      | Reached *** piety under Trog
  2102 | D:3      | Reached skill level 8 in Axes
  2102 | D:3      | Reached XP level 6. HP: 51/51 MP: 6/6
  2136 | D:3      | Found a faded altar of an unknown god.
  2241 | D:3      | Reached skill level 9 in Axes
  2693 | D:3      | Reached skill level 10 in Axes
  2695 | D:3      | Reached XP level 7. HP: 38/57 MP: 7/7
  2938 | D:3      | Noticed Crazy Yiuf
  2942 | D:3      | Killed Crazy Yiuf
  3017 | D:4      | Found a sacrificial altar of Ru.
  3042 | D:4      | Noticed derath95's ghost (amateur GrFi)
  3065 | D:4      | Killed derath95's ghost
  3159 | D:4      | Found a staircase to the Ecumenical Temple.
  3159 | D:4      | You fall through a shaft!
  3159 | D:5      | Entered Level 5 of the Dungeon
  3159 | D:5      | Noticed Dowan
  3168 | D:5      | Noticed Duvessa
  3174 | D:5      | Reached **** piety under Trog
  3175 | D:5      | Killed Dowan
  3206 | D:5      | Reached XP level 8. HP: 9/67 MP: 8/8
  3211 | D:5      | HP: 3/67 [Duvessa/short sword (8)]
  3214 | D:5      | Killed Duvessa
  3214 | D:5      | Reached skill level 5 in Fighting
  3214 | D:5      | Reached skill level 11 in Axes
  3545 | D:5      | Got a flickering silver ring
  3547 | D:5      | Identified the ring "Wyhumiej" {rElec rC- Int+6 Stlth-} (You found it on level 5 of the Dungeon)
  3614 | D:5      | Found a stormy altar of Qazlal.
  4152 | D:6      | Reached skill level 1 in Evocations
  4497 | D:6      | Reached skill level 12 in Axes
  4631 | D:6      | Reached XP level 9. HP: 66/75 MP: 10/10
  4866 | D:7      | Reached skill level 5 in Armour
  4932 | D:7      | Identified Enecot's Compendium of Confrontation
  5027 | D:7      | Reached ***** piety under Trog
  5152 | D:7      | Reached skill level 13 in Axes
  5841 | D:8      | Received a gift from Trog
  5841 | D:8      | Reached XP level 10. HP: 72/86 MP: 13/13
  5856 | D:8      | Noticed Maurice
  5863 | D:8      | Killed Maurice
  5944 | D:8      | Noticed a two-headed ogre
  5952 | D:8      | Killed a two-headed ogre
  5952 | D:8      | Reached skill level 14 in Axes
  6191 | D:8      | Reached skill level 5 in Evocations
  6953 | D:9      | Found a staircase to the Orcish Mines.
  7542 | Orc:1    | Entered Level 1 of the Orcish Mines
  7563 | Orc:1    | Noticed an orc sorcerer
  7569 | Orc:1    | Killed an orc sorcerer
  7627 | Orc:1    | Found a frozen archway.
  7632 | Orc:1    | Reached skill level 15 in Axes
  7635 | Orc:1    | Reached XP level 11. HP: 95/95 MP: 15/15
  7650 | IceCv    | Entered an ice cave
  7650 | IceCv    | Noticed a white ugly thing
  7651 | IceCv    | Found a transporter.
  7655 | IceCv    | Killed a white ugly thing
  7694 | IceCv    | Noticed a white ugly thing
  7815 | Orc:2    | Entered Level 2 of the Orcish Mines
  7852 | Orc:2    | Found Gyumeh's Jewellery Shop.
  7853 | Orc:2    | Noticed an orc sorcerer
  7870 | Orc:2    | Noticed an orc sorcerer
  7878 | Orc:2    | HP: 4/97 [troll (4)]
  7883 | Orc:1    | Slain by an orc warrior

Vault maps used:
D:1:      evilmike_arrival_crescent
D:2:      first_bread, minivault_5, minmay_ruptured
D:3:      chequers_ecumenical_altar_island, portal_sewer_entry_b, uniq_robin,
          uniq_crazy_yiuf_cottage
D:4:      kennysheep_minor_cross, nicolae_ru_path_of_blood, uniq_pikel,
          uniq_sigmund
D:5:      nicolae_qazlal_general_emergency, uniq_duvessa
D:7:      grunt_ogre_cave
D:8:      uniq_maurice
D:9:      orc_0_dummy
Orc:1:    portal_ice_cave_entry_ice_beasts
Orc:2:    grunt_orc_gardens, grunt_orc_garden, grunt_orc_garden,
          grunt_orc_garden, grunt_orc_garden
IceCv:    ice_cave_statue_garden_teleport

Skill      XL: |  1  2  3  4  5  6  7  8  9 10 11 |
---------------+----------------------------------+-----
Axes           | 5 6 7 8 10 12 13 15 | 15.4
Fighting       | 4 6 7 8 9 |  9.3
Armour         | 3 4 6 7 8 |  8.1
Evocations     | 2 4 5 6 |  6.2
Dodging        | |  1.5

Action                   |  1- 3 |  4- 6 |  7- 9 | 10-12 || total
-------------------------+-------+-------+-------+-------++-------
Melee: Hand axe          |   140 |   212 |   247 |       ||   599
       Broad axe         |       |       |   159 |       ||   159
       Battleaxe         |       |       |       |   129 ||   129
Invok: Berserk           |       |     2 |     3 |     1 ||     6
       Trog's Hand       |       |     2 |     1 |       ||     3
       Burn Spellbooks   |       |     1 |     2 |       ||     3
  Eat: Chunk             |       |     8 |    11 |     5 ||    24
       Fruit             |       |       |     4 |     1 ||     5
       Royal jelly       |       |       |       |     1 ||     1
Armor: Animal skin       |     8 |       |       |       ||     8
       Scale mail        |    48 |    78 |    75 |       ||   201
       Plate armour      |       |       |   139 |   110 ||   249
Dodge: Dodged            |   104 |   105 |   114 |    61 ||   384

Table legend:
 A = Spawn XP
 B = Non-spawn XP
 C = Spawn XP percentage of total XP
 D = Spawn monster count
 E = Non-spawn monster count
 F = Spawn count percentage of total count
 G = Total turns spent on level
                    A         B        C        D         E        F      G
               +---------+---------+-------+---------+---------+-------+---------
         Total |       0 |   11377 |   0.0 |       0 |     252 |   0.0 |  7883
               +---------+---------+-------+---------+---------+-------+---------
           D:1 |       0 |      48 |   0.0 |       0 |      23 |   0.0 |   988
           D:2 |       0 |      74 |   0.0 |       0 |      28 |   0.0 |   794
           D:3 |       0 |     585 |   0.0 |       0 |      61 |   0.0 |  1235
           D:4 |       0 |     165 |   0.0 |       0 |       3 |   0.0 |   142
           D:5 |       0 |     740 |   0.0 |       0 |      21 |   0.0 |   943
           D:6 |       0 |     787 |   0.0 |       0 |      16 |   0.0 |   736
           D:7 |       0 |    1884 |   0.0 |       0 |      32 |   0.0 |   789
           D:8 |       0 |    2408 |   0.0 |       0 |      20 |   0.0 |   746
           D:9 |       0 |    1495 |   0.0 |       0 |      28 |   0.0 |  1169
         Orc:1 |       0 |    1749 |   0.0 |       0 |      10 |   0.0 |   226
         Orc:2 |       0 |     131 |   0.0 |       0 |       3 |   0.0 |    67
         IceCv |       0 |    1311 |   0.0 |       0 |       7 |   0.0 |    48
               +---------+---------+-------+---------+---------+-------+---------
